 Dungeon Crawl Stone Soup version 0.17-a0-1769-g54adf96 (webtiles) character file.

383 Psiweapon the Bolt Thrower (level 7, 0/40 HPs)
             Began as a Kobold Hunter on Sept 7, 2015.
             Shot with an arrow by a centaur (14 damage)
             ... on level 6 of the Dungeon.
             The game lasted 00:10:50 (2853 turns).

Psiweapon the Bolt Thrower (Kobold Hunter)          Turns: 2853, Time: 00:10:50

Health: 0/40       AC:  5    Str: 11    XL:     7   Next: 5%
Magic:  7/7        EV: 16    Int:  9    God:
Gold:   217        SH:  0    Dex: 18    Spells: 0 memorised, 6 levels left

rFire  . . .     SeeInvis .     a - +1 hand crossbow
rCold  . . .     Clarity  .     d - +0 leather armour
rNeg   . . .     SustAt   .     (shield restricted)
rPois  .         Gourm    .     v - +0 helmet
rElec  .         Spirit   .     (no cloak)
rCorr  .         Warding  .     E - +0 pair of gloves (curse)
rMut   .         Rnd*Tele +     (no boots)
MR     .....                    (no amulet)
Stlth  +++.......               (no ring)
                                t - ring of teleportation (curse)

@: lethally poisoned (0 -> -2), not resistant to hostile enchantments, fairly
stealthy
A: carnivore 3
a: Evoke Teleportation


You were on level 6 of the Dungeon.
You were very full.

You visited 1 branch of the dungeon, and saw 6 of its levels.

You collected 217 gold pieces.

Inventory:

Hand weapons
 a - a +1 hand crossbow (weapon)
 c - a +0 short sword
 r - a +0 whip of draining
 x - a +0 vampiric dagger
 B - a +0 lajatang
Missiles
 b - 24 bolts
 m - 58 stones
 o - 15 steel bolts
 y - 7 poisoned bolts (quivered)
 F - 7 tomahawks of returning
Armour
 d - a +0 leather armour (worn)
 v - a +0 helmet (worn)
 E - a cursed +0 pair of gloves (worn)
Magical staves
 G - an uncursed staff of earth {unknown}
Jewellery
 t - a cursed ring of teleportation (left hand)
Scrolls
 h - 2 scrolls of remove curse {unknown}
 i - 2 scrolls of amnesia {unknown}
 j - a scroll of recharging {unknown}
 l - 4 scrolls of identify {unknown}
 n - 2 scrolls of fog {unknown}
 q - a scroll of enchant weapon {unknown}
 w - a scroll of blinking {unknown}
 z - 2 scrolls of magic mapping {unknown}
 A - a scroll of immolation {unknown}
 D - a scroll of noise {unknown}
Potions
 f - 3 potions of might {unknown}
 g - 3 potions of curing {unknown}
 k - a potion of brilliance {unknown}
 s - a potion of heal wounds {unknown}
 C - a potion of poison {unknown}
Books
 p - a book of Battle

   Spells                             Type                      Level
   a - Infusion                       Charms                       1
   b - Shroud of Golubria             Charms/Translocation         2
   c - Song of Slaying                Charms                       2
   d - Spectral Weapon                Hexes/Charms                 3
   e - Regeneration                   Charms/Necromancy            3
Comestibles
 e - 7 meat rations
 u - a beef jerky


   Skills:
 - Level 2.5 Fighting
 - Level 0.6 Short Blades
 - Level 0.3 Staves
 + Level 7.3 Crossbows
 - Level 1.0 Armour
 - Level 3.5 Dodging
 + Level 5.1 Stealth


You had 6 spell levels left.
You didn't know any spells.

Dungeon Overview and Level Annotations

Branches:
Dungeon (7/15)
 Temple: D:4-7

Altars:
Cheibriados
Fedhas
Okawaru
Qazlal
Vehumet

Annotations:
D:7 exclusion: worker ant


Innate Abilities, Weirdness & Mutations

You are small and have problems with some larger weapons.
You are carnivorous and can eat meat at any time.


Message History

A centaur comes into view.
The hound misses you.
Wield which item (- for none, * to show all)? (? for menu, Esc to quit)
a - a +1 hand crossbow (weapon)
Firing (i - inventory. (,) - cycle):
y - 9 poisoned bolts (quivered)
Press: ? - help, Shift-Dir - straight line, f - centaur
Aim: a centaur (resting)
You shoot a poisoned bolt.
The poisoned bolt hits the centaur but does no damage.
The centaur shouts!
You feel sick. The hound barely misses you.
The centaur wields a shortbow.
The centaur shoots an arrow.
The arrow hits you. The hound bites you.
Firing (i - inventory. (,) - cycle):
y - 8 poisoned bolts (quivered)
Press: ? - help, Shift-Dir - straight line, f/p - centaur
Aim: a centaur, wielding a shortbow You shoot a poisoned bolt.
The poisoned bolt hits the centaur.
The centaur is poisoned.
The centaur is moderately wounded.
The centaur shoots an arrow.
The arrow hits you!
You die...

...# .... c..#
... ...# ... ...#
#####...# ...#
......#.# ...#
......#.###...#
........sh@...#
........a##....#
.........###....#
..........# ....#
..........# ...#
..........# .....
####......# .###
#.[....# ..
#......#


You could see a centaur, a hound, a worker ant and a giant cockroach.

Vanquished Creatures
  An ogre (D:7)
  A phantom (D:4)
  2 hounds
  A centaur skeleton (D:7)
  5 adders
  2 worms
  2 giant geckos
  7 orcs
  A ball python (D:4)
  2 giant cockroaches
  4 hobgoblins
  8 jackals
  9 kobolds
  A quokka (D:2)
  5 bats
  7 giant newts
  A goblin (D:1)
  7 rats
66 creatures vanquished.

Notes
Turn   | Place    | Note
--------------------------------------------------------------
     0 | D:1      | Psiweapon the Kobold Hunter began the quest for the Orb.
     0 | D:1      | Reached XP level 1. HP: 12/12 MP: 1/1
   110 | D:1      | Reached skill level 5 in Crossbows
   112 | D:1      | Reached XP level 2. HP: 9/17 MP: 2/2
   504 | D:1      | Reached XP level 3. HP: 19/22 MP: 3/3
   897 | D:2      | Reached skill level 6 in Crossbows
   897 | D:2      | Reached XP level 4. HP: 27/27 MP: 4/4
  1703 | D:3      | Found a snail-covered altar of Cheibriados.
  1731 | D:3      | Reached XP level 5. HP: 31/31 MP: 5/5
  2026 | D:4      | Found a radiant altar of Vehumet.
  2068 | D:4      | Found an iron altar of Okawaru.
  2113 | D:4      | Reached skill level 1 in Armour
  2116 | D:4      | Noticed a phantom
  2157 | D:4      | Killed a phantom
  2157 | D:4      | Reached XP level 6. HP: 31/36 MP: 6/6
  2409 | D:4      | Found a stormy altar of Qazlal.
  2527 | D:4      | You fall through a shaft for 3 floors!
  2550 | D:7      | Found a blossoming altar of Fedhas.
  2653 | D:7      | Reached skill level 7 in Crossbows
  2706 | D:7      | Reached skill level 5 in Stealth
  2706 | D:7      | Reached XP level 7. HP: 28/40 MP: 7/7
  2853 | D:6      | Shot with an arrow by a centaur

Vault maps used:
D:1:      lightli_arrival_lavapool, minmay_statues_item, grunt_decor_resistance
D:3:      cheibriados_altar_1, first_bread
D:4:      old_standard_altar, kennysheep_mini_moat, overflow_temple_1_default
D:6:      kennysheep_generic_room_4, uniq_sigmund
D:7:      fedhas_altar_fruit_tree, uniq_joseph

Action                   |  1- 3 |  4- 6 |  7- 9 || total
-------------------------+-------+-------+-------++-------
Melee: Short sword       |    13 |    38 |     2 ||    53
       Whip              |       |    14 |       ||    14
       Lajatang          |       |     6 |       ||     6
 Fire: Hand crossbow     |    42 |    72 |     3 ||   117
 Stab: Sleeping          |       |     1 |     1 ||     2
  Eat: Chunk             |     8 |     4 |       ||    12
